 Dungeon Crawl Stone Soup version 0.17.1-3-g152610e (webtiles) character file.

242 inmateoo the Skirmisher (level 5, 0/46 HPs)
             Began as a Centaur Fighter on Feb 18, 2016.
             Succumbed to Sigmund's poison
             ... on level 2 of the Dungeon.
             The game lasted 00:01:03 (860 turns).

inmateoo the Skirmisher (Centaur Fighter)            Turns: 860, Time: 00:01:03

Health: 0/46       AC:  8    Str: 24    XL:     5   Next: 82%
Magic:  5/5        EV:  5    Int:  5    God:
Gold:   53         SH:  9    Dex:  9    Spells: 0 memorised, 4 levels left

rFire  . . .     SeeInvis .     a - +0 war axe
rCold  . . .     Clarity  .     b - +0 scale mail
rNeg   . . .     SustAt   .     c - +0 shield
rPois  .         Gourm    .     (no helmet)
rElec  .         Spirit   .     (no cloak)
rCorr  .         Warding  .     (no gloves)
rMut   .         Stasis   .     (no barding)
MR     +....                    (no amulet)
Stlth  ..........               (no ring)
                                n - ring of protection from magic

@: mighty, lethally poisoned (0 -> -33), very quick, somewhat resistant to
hostile enchantments, extremely unstealthy
A: hooves 3, yellow scales 1, deformed body, dopey 1, speed 2, tough skin 3,
evolution 2
a: no special abilities


You were on level 2 of the Dungeon.
You were not hungry.

You visited 1 branch of the dungeon, and saw 2 of its levels.

You collected 53 gold pieces.

Inventory:

Hand Weapons
 a - a +0 war axe (weapon)
Armour
 b - a +0 scale mail (worn)
 c - a +0 shield (worn)
Jewellery
 n - a ring of protection from magic (left hand)
Scrolls
 f - a scroll of magic mapping {unknown}
 j - 3 scrolls of noise {unknown}
 l - a scroll of teleportation {unknown}
 m - a scroll of identify {unknown}
Miscellaneous
 p - a plain deck of wonders {drawn: 2}
Comestibles
 e - 2 bread rations
 o - a meat ration


   Skills:
 + Level 3.9 Fighting
 * Level 3.7 Axes
 + Level 2.9 Armour
 + Level 3.0 Shields


You had 4 spell levels left.
You didn't know any spells.

Dungeon Overview and Level Annotations

Branches:
Dungeon (2/15)

Altars:
Nemelex Xobeh


Innate Abilities, Weirdness & Mutations

You have hooves in place of feet.
Armour fits poorly on your strangely shaped body.
You cover ground very quickly.
You have extremely tough skin (AC +3).
You are partially covered in yellow scales (AC +2).
You are dopey. (Int -2)
You rapidly evolve.


Message History

Sigmund is severely wounded.
You feel sick.
Sigmund hits you with a scythe of venom!
* * * LOW HITPOINT WARNING * * *
You are more poisoned.
Unknown command.
Your shield and scale mail prevent you from hitting Sigmund.
You kick Sigmund.
Sigmund is severely wounded.
* * * LOW HITPOINT WARNING * * *
You feel very sick. You block Sigmund's attack.
Unknown command.
You slash Sigmund!
You kill Sigmund!
Your Axes skill increases to level 3!
Your Shields skill increases to level 3!
You have reached level 5!
You feel your strength returning.
You die...

.....###....... #...#..#
....... #.#.... ......
.# #.#.#.# ..... .#
#.#...#..###...###
.###.#.<##..........#
........##...#....#.#
...........######)#.##
...............)@....###
................)......#
...................##..#
...................# .#
...........(.......# #
........##.........#
........##.........#
###########_......##
##.....##


There were no monsters in sight!

Vanquished Creatures
  Sigmund (D:2)
  Ijyb (D:2)
  Terence (D:2)
  4 oozes
  2 giant cockroaches (D:1)
  4 jackals (D:1)
  A ball python (D:1)
  2 bats (D:1)
  A goblin (D:1)
  2 kobolds
19 creatures vanquished.

Notes
Turn   | Place    | Note
--------------------------------------------------------------
     0 | D:1      | inmateoo the Centaur Fighter began the quest for the Orb.
     0 | D:1      | Reached XP level 1. HP: 19/19 MP: 1/1
    10 | D:1      | Reached XP level 2. HP: 24/26 MP: 2/2
   782 | D:1      | You fall through a shaft!
   786 | D:2      | Reached XP level 3. HP: 31/31 MP: 3/3
   788 | D:2      | Found a sparkling altar of Nemelex Xobeh.
   827 | D:2      | Gained mutation: You evolve. [helix card]
   832 | D:2      | Noticed Terence
   835 | D:2      | Noticed Ijyb
   837 | D:2      | Killed Terence
   840 | D:2      | Noticed Sigmund
   850 | D:2      | Gained mutation: You are partially covered in yellow scales (AC +2). [potion of mutation]
   850 | D:2      | Gained mutation: You are dopey. (Int -2) [potion of mutation]
   850 | D:2      | Gained mutation: You rapidly evolve. [potion of mutation]
   855 | D:2      | Killed Ijyb
   855 | D:2      | Reached XP level 4. HP: 25/38 MP: 4/4
   860 | D:2      | Killed Sigmund
   860 | D:2      | Reached XP level 5. HP: 4/46 MP: 5/5
   860 | D:2      | Succumbed to Sigmund's poison

Action                   |  1- 3 |  4- 6 || total
-------------------------+-------+-------++-------
Melee: War axe           |    56 |     4 ||    60
Evoke: Deck              |     2 |       ||     2
  Use: Potion            |     5 |       ||     5
